 Dungeon Crawl Stone Soup version 0.20-a0 (webtiles) character file.

52 spe3d0 the Covered (level 3, 0/29 HPs)
             Began as a Demonspawn Fighter on Oct 28, 2016.
             Slain by a gnoll
             ... wielding a +0 flail
              (7 damage)
             ... on level 2 of the Dungeon.
             The game lasted 00:02:42 (1469 turns).

spe3d0 the Covered (Demonspawn Fighter)             Turns: 1469, Time: 00:02:43

Health: 0/29       AC: 12    Str: 16    XL:     3   Next: 60%
Magic:  3/3        EV:  8    Int:  9    God:
Gold:   57         SH:  9    Dex: 13    Spells: 0 memorised, 2 levels left

rFire  . . .     SeeInvis .     a - +0 flail
rCold  . . .     Gourm    .     o - +3 leather armour
rNeg   . . .     Faith    .     c - +0 shield
rPois  .         Spirit   .     (helmet restricted)
rElec  .         Reflect  .     (no cloak)
rCorr  .         Harm     .     (no gloves)
MR     .....                    (no boots)
Stlth  +.........               (no amulet)
                                (no ring)
                                (no ring)

@: sanguine armour
A: horns 1, sanguine armour 1
a: no special abilities


You were on level 2 of the Dungeon.
You were not hungry.

You visited 1 branch of the dungeon, and saw 2 of its levels.

You collected 57 gold pieces.


Innate Abilities, Weirdness & Mutations

You have a pair of small horns on your head.
When seriously injured, your bleeding wounds create armour. (AC +6)


   Skills:
 - Level 3.0 Fighting
 * Level 2.5 Maces & Flails
 * Level 3.2 Armour
 * Level 3.2 Shields


You had 2 spell levels left.
You didn't know any spells.

Inventory:

Hand Weapons
 a - a +0 flail (weapon)
 j - a +0 whip
Armour
 b - a +0 scale mail
 c - a +0 shield (worn)
 g - a +2 buckler
 h - a cursed +0 helmet
 o - a +3 leather armour (worn)
Scrolls
 e - 3 scrolls of recharging {unknown}
 i - a scroll of teleportation {unknown}
 m - a scroll of enchant weapon {unknown}
 n - a scroll of blinking {unknown}
Potions
 d - a potion of might
 p - a potion of resistance {unknown}
Comestibles
 f - a bread ration {@e1}
 k - 5 chunks of flesh
 l - a meat ration {@e1}

Dungeon Overview and Level Annotations

Branches:
Dungeon (2/15)

Altars:
Dithmenos
Fedhas
Gozag
Hepliaklqana

.... .. ..>. ... ....
... ...######..
#....... #.......#
##....... #.#.......#
#........ #....g)...#
#........ #@#####
#.._..._. #.)...#
#........ #.....#
#....♣...
#.....####.(......
###....(....+._..._.
.........#####.......
..........# ###...##
..........# #####
...........


You could see a gnoll.


Message History

You closely miss the gnoll. The gnoll hits you but does no damage.
The gnoll barely misses you.
You hit the gnoll.
The gnoll is moderately wounded.
You block the gnoll's attack.
You hit the gnoll. You headbutt the gnoll.
The gnoll is almost dead.
You block the gnoll's attack. x2
You hit the gnoll.
You kill the gnoll!
You block the gnoll's attack. The gnoll hits you with a flail!
Your blood congeals into armour.
Some of the chunks of flesh in your inventory have rotted away.
You barely miss the gnoll. The gnoll hits you with a flail.
* * * LOW HITPOINT WARNING * * *
You are too injured to fight recklessly!
You are too injured to fight recklessly!
You are too injured to fight recklessly!
You are too injured to fight recklessly!
You are too injured to fight recklessly!
You closely miss the gnoll. Your headbutt misses the gnoll.
The gnoll hits you with a flail.
* * * LOW HITPOINT WARNING * * *
You barely miss the gnoll. The gnoll hits you with a flail.
* * * LOW HITPOINT WARNING * * *
Your shield prevents you from hitting the gnoll.
You headbutt the gnoll!
The gnoll is heavily wounded.
The gnoll hits you with a flail!
You die...

Skill      XL: |  1  2 |
---------------+-------+-----
Maces & Flails | 2 |  2.5
Shields        | 3 |  3.2
Armour         | 3 |  3.2
Fighting       | |  3.0

Action                   || total
-------------------------++-------
Melee: Flail             ||    85
       Headbutt          ||     8
  Eat: Chunk             ||     2
Armor: Scale mail        ||    18
       Leather armour    ||     8
Dodge: Dodged            ||    30
Block: Shield            ||    31

Vault maps used:
D:1:      onia_arrival_larder, lemuel_flame_loot_1
D:2:      elyvilon_altar_3, grunt_temple_overflow_open, minmay_misc_feat_rugged,
          uniq_jessica, uniq_natasha

Notes
Turn   | Place    | Note
-------+----------+-------------------------------------------
     0 | D:1      | spe3d0 the Demonspawn Fighter began the quest for the Orb.
     0 | D:1      | Reached XP level 1. HP: 18/18 MP: 1/1
    36 | D:1      | Reached skill level 2 in Maces & Flails
   358 | D:1      | Gained mutation: You have a pair of small horns on your head. [demonic ancestry]
   358 | D:1      | Reached XP level 2. HP: 24/24 MP: 2/2
   548 | D:1      | Reached skill level 3 in Shields
   790 | D:1      | Reached skill level 3 in Armour
  1223 | D:1      | Gained mutation: When seriously injured, your bleeding wounds create armour. (AC +6) [demonic ancestry]
  1223 | D:1      | Reached XP level 3. HP: 29/29 MP: 3/3
  1433 | D:2      | Found a blossoming altar of Fedhas.
  1435 | D:2      | Found an opulent altar of Gozag.
  1439 | D:2      | Found a shadowy altar of Dithmenos.
  1439 | D:2      | Found a hazy altar of Hepliaklqana.
  1469 | D:2      | Slain by a gnoll

Vanquished Creatures
  3 gnolls
  A dart slug (D:1)
  A giant cockroach (D:1)
  6 goblins
  A hobgoblin (D:1)
  2 bats (D:1)
  A frilled lizard (D:2)
  2 kobolds (D:1)
  8 rats
25 creatures vanquished.
